 Dungeon Crawl Stone Soup version 0.31.0 (webtiles) character file.

Game seed: 13416807287482865961

1259 qw the Skirmisher (level 8, -1/49 HPs)
             Began as a Gargoyle Hunter on Jan 19, 2024.
             Was a Follower of Okawaru.
             Slain by a gnoll
             ... wielding a +0 halberd
              (3 damage)
             ... on level 6 of the Dungeon.
             The game lasted 00:00:21 (4799 turns).

qw the Skirmisher (Gargoyle Hunter)                 Turns: 4799, Time: 00:00:21

Health: -1/49      AC: 14    Str: 15    XL:     8   Next: 51%
Magic:  11/11      EV: 11    Int: 10    God:    Okawaru [*.....]
Gold:   233        SH:  0    Dex: 15    Spells: 7/7 levels left

rFire   . . .        k - +0 orcbow
rCold   . . .        (shield currently unavailable)
rNeg    + . .        h - +0 ring mail
rPois   inf          (no helmet)
rElec   +            b - +0 cloak
rCorr   .            d - +0 pair of gloves
SInv    .            i - +0 pair of boots
Will    .....        (no amulet)
Stlth   +            (no ring)
HPRegen 0.28/turn    (no ring)
MPRegen 0.12/turn

%: no passive effects
@: no status effects
A: sickness immunity, AC +5, negative energy resistance 1, electricity
resistance, torment resistance 1, petrification resistance
a: Renounce Religion, Heroism


You were on level 6 of the Dungeon.
You worshipped Okawaru.
Okawaru was aware of your devotion.
You visited 2 branches of the dungeon, and saw 7 of its levels.

You collected 284 gold pieces.
You spent 51 gold pieces at shops.


Innate Abilities, Weirdness & Mutations

You are immune to sickness and miasma.
Your stone body is resilient. (AC +5)
You are immune to poison.
You resist negative energy. (rN+)
You are resistant to electric shocks. (rElec)
You are resistant to unholy torment.
You are immune to petrification.


   Skills:
 - Level 5.0 Fighting
 + Level 8.1 Ranged Weapons
 - Level 3.2 Armour
 - Level 2.6 Dodging
 - Level 1.1 Stealth
 - Level 4.0 Invocations


You had 7 spell levels left.
You didn't know any spells.
Your spell library was empty.

Inventory:

Hand Weapons
 k - a +0 orcbow (weapon)
Armour
 a - +0 acid dragon scales
 b - a +0 cloak (worn)
 d - a +0 pair of gloves (worn)
 h - a +0 ring mail (worn)
 i - a +0 pair of boots (worn)
Wands
 c - a wand of acid (14)
Scrolls
 e - 2 scrolls of identify
Potions
 f - a potion of might
 g - 5 potions of curing

Dungeon Overview and Level Annotations

Branches:
Dungeon (6/15)             Temple (1/1) D:4

Altars:
Ashenzari
Cheibriados
Dithmenos
Fedhas
Gozag
Kikubaaqudgha
Makhleb
Nemelex Xobeh
Okawaru
Qazlal
Ru
Sif Muna
Trog
Wu Jian
Xom
Zin
The Shining One

Shops:
D:1 ((:!   D:2 :[=!*   D:3 (

Annotations:
D:2 2 transporters


Message History

The arrow hits the gnoll but does no damage.
The gnoll barely misses you.
The gnoll hits you from afar with a +0 spear.
You shoot an arrow. The arrow completely misses the gnoll.
The gnoll closely misses you. The gnoll hits you with a +0 flail!
The gnoll barely misses you.
You shoot an arrow. The arrow hits the gnoll.
The gnoll is severely wounded.
The gnoll hits you with a +0 flail! The gnoll barely misses you.
The gnoll hits you from afar with a +0 halberd.
The gnoll hits you but does no damage.
You shoot an arrow. The arrow hits the gnoll.
The gnoll is almost dead.
The gnoll closely misses you. The gnoll hits you with a +0 flail.
The gnoll misses you.
The gnoll hits you from afar with a +0 halberd.
The gnoll hits you from afar with a +0 spear.
The gnoll closely misses you. x2
The gnoll hits you from afar with a +0 halberd.
You shoot an arrow. The arrow hits the gnoll!
You kill the gnoll!
Okawaru accepts your kill. The gnoll hits you but does no damage.
The gnoll barely misses you. The gnoll closely misses you.
You shoot an arrow. The arrow barely misses the gnoll.
The gnoll closely misses you.
The gnoll hits you but does no damage. x2
You shoot an arrow. The arrow hits the gnoll.
The gnoll is moderately wounded.
The gnoll completely misses you. The gnoll closely misses you. x2
You shoot an arrow. The arrow hits the gnoll!
The gnoll is almost dead.
The gnoll closely misses you.
The gnoll hits you from afar with a +0 halberd.
The gnoll hits you but does no damage.
You shoot an arrow. The arrow hits the gnoll.
You kill the gnoll!
Okawaru accepts your kill. The gnoll closely misses you. The gnoll misses you.
The gnoll hits you from afar with a +0 halberd.
You die...

## #. ## #. ..#### #. #....#
#.### #....##+## #...######
)gg......
.........#######........
................@).....#
.......(...............#
...................^...#
.................#.....###+######
......)..........####...........#
.................# ..........#
####..%..........# .........#
#####.#+####### ........# #.#
.........


You could see 2 gnolls.

Vanquished Creatures
  Maggie (D:6)
  A water moccasin (D:5)
  2 black bears
  An ice beast (D:5)
  2 bullfrogs (D:6)
  A howler monkey (D:5)
  A bombardier beetle (D:4)
  A gnoll bouda (D:6)
  A hound (D:5)
  2 jellies
  3 iguanas
  8 gnolls
  8 adders
  2 ufetubi (D:6)
  4 dart slugs
  3 ribbon worms
  8 orcs
  5 ball pythons
  6 bats
  7 endoplasms
  9 giant cockroaches
  6 goblins
  5 hobgoblins
  2 quokkas
  8 frilled lizards
  6 kobolds
  2 rats (D:1)
105 creatures vanquished.

Notes
Turn   | Place    | Note
-------+----------+-------------------------------------------
     0 | D:1      | qw the Gargoyle Hunter began the quest for the Orb.
     0 | D:1      | Reached XP level 1. HP: 12/12 MP: 1/1
     0 | D:1      | 0 ||| qw: Version: 0.3-a-132-g3d54051
     0 | D:1      | 0 ||| qw: Game counter: 185
     0 | D:1      | 0 ||| qw: Melee chars always use a shield: true
     0 | D:1      | 0 ||| qw: God list: Okawaru
     0 | D:1      | 0 ||| qw: Allow faded altars: false
     0 | D:1      | 0 ||| qw: Do Orc after clearing Dungeon:15 true
     0 | D:1      | 0 ||| qw: Do second Lair branch before Depths: true
     0 | D:1      | 0 ||| qw: Lair rune preference: random
     0 | D:1      | 0 ||| qw: Goals: Normal
     0 | D:1      | 0 ||| PLANNING D:1-11
    32 | D:1      | Reached XP level 2. HP: 16/17 MP: 2/2
   208 | D:1      | Found Siliz's Weapon Shop.
   331 | D:1      | Found Jaqasmew's Distillery.
   340 | D:1      | 340 ||| BUYING potion of curing (33 gold).
   340 | D:1      | Bought a potion of curing for 33 gold pieces
   340 | D:1      | 340 ||| SHOPLISTING potion of curing (33 gold, have 0).
   340 | D:1      | 340 ||| SHOPLISTING potion of haste (110 gold, have 0).
   340 | D:1      | 340 ||| SHOPLISTING potion of heal wounds (55 gold, have
                  | 0).
   387 | D:1      | Found Uxiet's Weapon Shop.
   389 | D:1      | 389 ||| READING scroll labelled KUIKLI VANUVY.
   396 | D:1      | Found Cuikisiv's Book Shop.
   437 | D:1      | Reached XP level 3. HP: 21/21 MP: 3/3
   661 | D:1      | Reached skill level 5 in Ranged Weapons
   762 | D:1      | 762 ||| UPGRADING to +0 ring mail.
   772 | D:1      | 772 ||| DROPPING +0 leather armour.
   773 | D:1      | 773 ||| READING scroll labelled AHUEMU LOQESIU.
   773 | D:1      | 773 ||| IDENTIFYING white potion
   774 | D:1      | 774 ||| READING 2 scrolls labelled VEUVOADUNG.
   775 | D:1      | 775 ||| READING scroll labelled GIMIAG WUT.
   779 | D:1      | 779 ||| DROPPING scroll of butterflies.
   780 | D:1      | 780 ||| DROPPING scroll of fog.
   814 | D:2      | Reached skill level 1 in Armour
   902 | D:2      | Reached XP level 4. HP: 27/27 MP: 4/4
   903 | D:2      | Found a transporter.
   905 | D:2      | Found Yruheeju's Jewellery Boutique.
   919 | D:2      | Reached skill level 3 in Fighting
   951 | D:2      | 951 ||| FLEEEEING.
   990 | D:2      | 990 ||| READING scroll labelled UBRIGAIBYO.
   999 | D:2      | 999 ||| FLEEEEING.
  1078 | D:2      | Found a transporter.
  1166 | D:2      | Found Goery's Distillery.
  1174 | D:2      | 1174 ||| SHOPLISTING potion of mutation (88 gold, have 26).
  1225 | D:2      | Found Ozuakhurr's Assorted Antiques.
  1232 | D:2      | 1232 ||| SHOPLISTING cloak (81 gold, have 26).
  1232 | D:2      | 1232 ||| SHOPLISTING glowing hat (126 gold, have 26).
  1232 | D:2      | 1232 ||| BUYING scroll labelled HEMPIMM WEEKK (18 gold).
  1232 | D:2      | Bought a scroll labelled HEMPIMM WEEKK for 18 gold pieces
  1232 | D:2      | 1232 ||| SHOPLISTING scroll of identify (36 gold, have 8).
  1232 | D:2      | 1232 ||| SHOPLISTING worn lead wand (72 gold, have 8).
  1368 | D:2      | Found Guawebua's Antique Armour Boutique.
  1371 | D:2      | 1371 ||| SHOPLISTING glowing robe (92 gold, have 24).
  1371 | D:2      | 1371 ||| SHOPLISTING runed leather armour (125 gold, have
                  | 24).
  1371 | D:2      | 1371 ||| SHOPLISTING runed robe (92 gold, have 24).
  1391 | D:2      | Found Akeycore's Book Shop.
  1466 | D:2      | Found a faded altar of an unknown god.
  1578 | D:2      | 1578 ||| UPGRADING to +0 pair of gloves.
  1583 | D:2      | 1583 ||| READING scroll of identify.
  1583 | D:2      | 1583 ||| IDENTIFYING emerald potion
  1584 | D:2      | 1584 ||| READING scroll labelled OPTUCYITEL.
  1585 | D:2      | 1585 ||| FLEEEEING.
  1587 | D:2      | 1587 ||| STAIRDANCE
  1601 | D:1      | 1601 ||| READING scroll labelled JENENNO KEIL.
  1602 | D:1      | 1602 ||| READING scroll labelled HEMPIMM WEEKK.
  1703 | D:1      | 1703 ||| DRINKING 2 orange potions.
  1704 | D:1      | 1704 ||| DROPPING potion of brilliance.
  1993 | D:3      | Found Vyenut's Weapon Emporium.
  1998 | D:3      | 1998 ||| SHOPLISTING +0 shortbow of freezing (74 gold, have
                  | 47).
  2283 | D:3      | 2283 ||| UPGRADING to +0 cloak.
  2330 | D:4      | Reached XP level 5. HP: 32/32 MP: 5/5
  2369 | D:4      | Reached skill level 6 in Ranged Weapons
  2572 | D:4      | Noticed a black bear
  2577 | D:4      | Killed a black bear
  2578 | D:4      | Reached XP level 6. HP: 40/40 MP: 6/6
  2678 | D:4      | Found a staircase to the Ecumenical Temple.
  2679 | D:4      | 2679 ||| PLANNING TEMPLE
  2679 | D:4      | 2679 ||| UPGRADING to +0 pair of boots.
  2684 | D:4      | 2684 ||| READING 3 scrolls of identify.
  2684 | D:4      | 2684 ||| IDENTIFYING scroll labelled KAPOENTAHUC
  2685 | D:4      | 2685 ||| DROPPING scroll of amnesia.
  2692 | Temple   | Entered the Ecumenical Temple
  2693 | Temple   | 2693 ||| PLANNING OKAWARU WORSHIP
  2711 | Temple   | Became a worshipper of Warmaster Okawaru
  2712 | Temple   | 2712 ||| PLANNING D:1-11
  2870 | D:5      | Entered Level 5 of the Dungeon
  2874 | D:5      | Noticed an ice beast
  2875 | D:5      | 2875 ||| DRINKING potion of haste.
  2891 | D:5      | Killed an ice beast
  2892 | D:5      | Reached skill level 3 in Armour
  2892 | D:5      | 2892 ||| FLEEEEING.
  2893 | D:5      | 2893 ||| STAIRDANCE
  3010 | D:5      | Found a shadowy altar of Dithmenos.
  3041 | D:5      | Found a burning altar of Makhleb.
  3050 | D:5      | Reached XP level 7. HP: 44/44 MP: 7/7
  3093 | D:5      | 3093 ||| FLEEEEING.
  3103 | D:5      | 3103 ||| STAIRDANCE
  3118 | D:4      | 3118 ||| READING 3 scrolls of identify.
  3118 | D:4      | 3118 ||| IDENTIFYING sapphire potion
  3119 | D:4      | 3119 ||| DROPPING potion of degeneration.
  3317 | D:5      | Reached * piety under Okawaru
  3318 | D:5      | Reached skill level 7 in Ranged Weapons
  3459 | D:5      | 3459 ||| FLEEEEING.
  3848 | D:5      | 3848 ||| SWAPPING to +0 orcbow.
  3852 | D:5      | Reached skill level 1 in Invocations
  3863 | D:5      | 3863 ||| DROPPING +0 shortbow.
  4023 | D:5      | 4023 ||| READING 3 scrolls of identify.
  4023 | D:5      | 4023 ||| IDENTIFYING purple potion
  4041 | D:6      | Noticed Maggie
  4042 | D:6      | 4042 ||| STAIRDANCE
  4049 | D:5      | 4049 ||| INVOKING Heroism.
  4053 | D:5      | 4053 ||| FLEEEEING.
  4069 | D:5      | 4069 ||| FLEEEEING.
  4074 | D:5      | 4074 ||| STAIRDANCE
  4171 | D:6      | 4171 ||| INVOKING Heroism.
  4182 | D:6      | HP: 5/44 [Maggie/bolt of fire (10)]
  4183 | D:6      | 4183 ||| READING 2 scrolls of teleportation.
  4183 | D:6      | HP: 1/44 [Maggie/+3 glaive (4)]
  4184 | D:6      | 4184 ||| DRINKING potion of heal wounds.
  4193 | D:6      | HP: 11/44 [bullfrog (1)]
  4194 | D:6      | 4194 ||| READING scroll of teleportation.
  4359 | D:6      | Reached XP level 8. HP: 48/48 MP: 7/9
  4363 | D:6      | Reached skill level 8 in Ranged Weapons
  4511 | D:6      | 4511 ||| INVOKING Heroism.
  4523 | D:6      | HP: 11/49 [Maggie/+3 glaive (8)]
  4525 | D:6      | HP: 4/49 [Maggie/bolt of fire (7)]
  4526 | D:6      | Killed Maggie
  4527 | D:6      | Reached skill level 3 in Invocations
  4794 | D:6      | HP: 12/49 [gnoll/+0 halberd (2)]
  4798 | D:6      | HP: 1/49 [gnoll/+0 halberd (6)]
  4799 | D:6      | Slain by a gnoll

Levels and vault maps discovered:
D:1:      minmay_arrival_shattered_statue, layout_basic, serial_shops,
          nicolae_shop_real_fake_doors, shop, shop,
          nicolae_shop_gibbet_a_chance, minmay_misc_feat_rugged,
          minmay_lizard_pond
D:2:      layout_basic, ebering_ecumenical_altar_hall, serial_shops, shop, shop,
          shop, shop, nicolae_shop_drivethru, minmay_heptomino_o4
D:3:      layout_loops_ring, serial_shops, shop
D:4:      layout_rooms, temple_green
D:5:      layout_basic, mainiacjoe_overflow_large_starburst,
          kennysheep_generic_room_3
D:6:      layout_basic, uniq_maggie
Temple:   eino_wide_crystal_templ

Skill      XL: |  1  2  3  4  5  6  7  8 |
---------------+-------------------------+-----
Ranged Weapons | 5 6 7 8 |  8.1
Armour         | 1 3 |  3.2
Fighting       | 3 4 5 |  5.0
Invocations    | 1 4 |  4.0
Dodging        | 2 |  2.6
Stealth        | |  1.1

Action                     |  1- 3 |  4- 6 |  7- 9 || total
---------------------------+-------+-------+-------++-------
   Fire: Shortbow          |    87 |   185 |    75 ||   347
         Orcbow            |       |       |   111 ||   111
 Invoke: Heroism           |       |       |     3 ||     3
    Use: Scroll            |     4 |     6 |     4 ||    14
         Potion            |       |     2 |     1 ||     3
 Armour: Leather armour    |     8 |       |       ||     8
         Ring mail         |    13 |    51 |   131 ||   195
  Dodge: Dodged            |    25 |    44 |    98 ||   167

Table legend:
 A = Non-vault XP
 B = Vault XP
 C = Vault XP percentage of total XP
 D = Non-vault monster count
 E = Vault monster count
 F = Vault count percentage of total count
                 A         B        C        D         E       F
            +---------+---------+-------+---------+---------+-------
      Total |    1402 |     411 |  22.7 |      91 |      14 |  13.3
            +---------+---------+-------+---------+---------+-------
        D:1 |      34 |       6 |  15.0 |      17 |       6 |  26.1
        D:2 |      68 |      13 |  16.0 |      12 |       6 |  33.3
        D:3 |      41 |       0 |   0.0 |      13 |       0 |   0.0
        D:4 |     257 |       0 |   0.0 |      17 |       0 |   0.0
        D:5 |     598 |      55 |   8.4 |      16 |       1 |   5.9
        D:6 |     404 |     337 |  45.5 |      16 |       1 |   5.9
            +---------+---------+-------+---------+---------+-------
